 Dungeon Crawl Stone Soup version 0.28.0-45-g0d030f2227 (webtiles) character file.

Game seed: 1012641465598640899

210 Peloso the Covered (level 5, -8/47 HPs)
             Began as a Minotaur Fighter on Apr 3, 2022.
             Mangled by Harold
             ... wielding a +0 halberd of venom
              (14 damage)
             ... on level 7 of the Dungeon.
             The game lasted 00:03:49 (2548 turns).

Peloso the Covered (Minotaur Fighter)               Turns: 2548, Time: 00:03:50

Health: -8/47      AC:  7    Str: 19 (21) XL:     5   Next: 56%
Magic:  4/4        EV: 13    Int:  4 (5)  God:
Gold:   112        SH:  4    Dex: 10 (11) Spells: 4/4 levels left

rFire   . . .      SeeInvis .   b - +3 rapier of Oozing Pus {vamp, rC+++ rCorr Stlth-}
rCold   + + +      Faith    .   o - +0 buckler
rNeg    . . .      Spirit   .   c - +0 scale mail
rPois   .          Reflect  .   (helmet restricted)
rElec   .          Harm     .   (no cloak)
rCorr   +          Rampage  .   (no gloves)
Will    .....                   (no boots)
Stlth   ..........              (no amulet)
HPRegen 0.15/turn               p - +4 ring of evasion
MPRegen 0.09/turn               (no ring)

@: lethally poisoned (-8 -> -27), marked, slowed, very slow
A: horns 2, retaliatory headbutt
a: no special abilities


You were on level 7 of the Dungeon.
You visited 1 branch of the dungeon, and saw 5 of its levels.

You collected 112 gold pieces.

Inventory:

Hand Weapons
 a - a +0 long sword
 b - the +3 rapier of Oozing Pus (weapon) {vamp, rC+++ rCorr Stlth-}
   (You found it on level 3 of the Dungeon)

   It occasionally heals its wielder for a portion of the damage dealt when it
   wounds a living foe.
   rC:        It renders you almost immune to cold.
   rCorr:     It protects you from acid and corrosion.
   Stlth:     It makes you less stealthy.
Armour
 c - a +0 scale mail (worn)
 o - a +0 buckler (worn)
Jewellery
 p - a +4 ring of evasion (left hand)
Scrolls
 e - a scroll of vulnerability {unknown}
 g - 4 scrolls of identify {unknown}
 i - a scroll of blinking {unknown}
 k - a scroll of fear {unknown}
 l - a scroll of immolation {unknown}
 m - a scroll of magic mapping {unknown}
 n - 2 scrolls of teleportation {unknown}
 q - a scroll of enchant armour {unknown}
Potions
 d - a potion of might
 h - a potion of curing {unknown}
 j - a potion of attraction {unknown}


   Skills:
 + Level 4.7 Fighting
 + Level 4.2 Long Blades
 + Level 5.2 Armour
 + Level 1.4 Dodging
 + Level 4.1 Shields


You had 4 spell levels left.
You didn't know any spells.
Your spell library contained the following spells:

 Spells                   Type           Power      Damage    Failure   Level
 Tukima's Dance           Hex            0%         N/A       99%         3
 Anguish                  Hex/Necr       0%         N/A       100%        4
 Enfeeble                 Hex            0%         N/A       100%        7


Dungeon Overview and Level Annotations

Branches:
Dungeon (4/15)
 Temple: D:4-7

Altars:
Makhleb

Annotations:
D:3 3 runed translucent doors, kalagan's ghost, amateur DECj
D:7 Harold


Innate Abilities, Weirdness & Mutations

You have a pair of horns on your head.
You reflexively headbutt those who attack you in melee.


Message History

Found an amethyst potion.
The orc shouts!
Harold points at you and mumbles some strange words.
A sentinel's mark forms upon you.
An orc warrior and a centaur skeleton come into view.
The orc warrior shouts!
Harold yells, "I don't have all day!"
The orc barely misses you. You furiously retaliate!
You headbutt the orc!
You kill the orc!
Found 8 gold pieces.
You barely miss the orc. The orc hits you but does no damage.
You closely miss the orc. Your headbutt misses the orc.
The orc closely misses you. You block the orc's attack.
You barely miss the orc. You headbutt the orc.
The orc is severely wounded.
You block the orc's attack.
You hit the orc but do no damage.
The orc is severely wounded.
The orc hits you with a +0 mace.
You hit the orc.
You feel better.
You kill the orc!
You hit the wraith. Your headbutt misses the wraith.
The wraith is lightly damaged.
The wraith hits you. The wraith drains your vigour!
You feel yourself slow down.
You hit the wraith.
You headbutt the wraith, but do no damage.
The wraith is moderately damaged.
Harold hits you from afar with a +0 halberd of venom.
The wraith hits you!
Harold hits you from afar with a +0 halberd of venom!
You are lethally poisoned!
The orc warrior completely misses you. The wraith closely misses you.
It was a potion of degeneration.
There was something very wrong with that liquid.
You feel weakened.
You feel dopey.
You feel clumsy.
* * * LOW HITPOINT WARNING * * *
You feel extremely sick.
Harold hits you from afar with a +0 halberd of venom!
You die...

#.### #.#.##
##.....##
#.#.....#
.......###
.........
#.oZ.# #
#@#.#####..#
#W##........
#@#...##...
#o.......#
#...#...##..
#.#.##.##
##.#.##o###..##
......Z.@...@..
.....##.#.#..##


You could see Harold, a wraith, an orc warrior, an orc and a centaur skeleton.

Vanquished Creatures
  A scorpion (D:4)
  Robin (D:1)
  5 adders
  2 worms (D:2)
  3 dart slugs
  2 orcs (D:7)
  6 bats
  6 endoplasms
  5 giant cockroaches
  5 hobgoblins (D:1)
  6 jackals
  5 kobolds
  4 quokkas
  7 ball pythons
  5 frilled lizards
  13 goblins
  4 rats
80 creatures vanquished.

Notes
Turn   | Place    | Note
-------+----------+-------------------------------------------
     0 | D:1      | Peloso the Minotaur Fighter began the quest for the Orb.
     0 | D:1      | Reached XP level 1. HP: 19/19 MP: 0/0
   132 | D:1      | Reached XP level 2. HP: 27/27 MP: 1/1
   148 | D:1      | Reached skill level 4 in Armour
   485 | D:1      | Reached XP level 3. HP: 33/33 MP: 2/2
  1025 | D:2      | Noticed Robin
  1057 | D:1      | Killed Robin
  1277 | D:2      | Reached XP level 4. HP: 31/41 MP: 3/3
  1439 | D:2      | Reached skill level 1 in Dodging
  1540 | D:2      | Found a faded altar of an unknown god.
  1690 | D:2      | Found a burning altar of Makhleb.
  1934 | D:3      | Found a runed translucent gate.
  1935 | D:3      | Found a runed translucent gate.
  1938 | D:3      | Noticed kalagan's ghost (amateur DECj)
  1939 | D:3      | Found a runed translucent gate.
  1982 | D:3      | Reached skill level 5 in Armour
  2065 | D:3      | Reached XP level 5. HP: 41/47 MP: 4/4
  2176 | D:3      | Identified the +3 rapier of Oozing Pus {vamp, rC+++ rCorr
                  | Stlth-}
  2529 | D:4      | You fall into a shaft and drop 3 floors!
  2530 | D:7      | Noticed a wraith
  2531 | D:7      | Noticed Harold
  2532 | D:7      | Noticed an orc warrior
  2548 | D:7      | Mangled by Harold

Illustrated notes

Levels and vault maps discovered:
D:1:      dpeg_arrival_lava_altar, layout_basic
D:2:      layout_rooms, dilly_ecumenical_altar_fadedgnrine, basic_altar,
          uniq_robin
D:3:      layout_rooms, gammafunk_ghost_split, kennysheep_nub
D:4:      layout_basic, minivault_26, uniq_blork_the_orc
D:7:      nzn_winding_woodlands_stair_cross [nzn_winding_woodlands_5x15_zeroes,
          nzn_winding_woodlands_center_diamonds,
          nzn_winding_woodlands_5x15_sidewinder,
          nzn_winding_woodlands_5x5_cross, nzn_winding_woodlands_5x5_open_star,
          nzn_winding_woodlands_5x15_split_checker,
          nzn_winding_woodlands_center_triple_pond,
          nzn_winding_woodlands_5x15_parted], layout_loops_ring,
          minmay_three_doors, uniq_harold

Skill      XL: |  1  2  3  4  5 |
---------------+----------------+-----
Armour         | 4 5 |  5.2
Fighting       | 4 |  4.7
Long Blades    | 3 4 |  4.2
Shields        | 4 |  4.1
Dodging        | 1 |  1.4

Action                   |  1- 3 |  4- 6 || total
-------------------------+-------+-------++-------
Melee: Long sword        |    84 |    64 ||   148
       Headbutt          |     8 |    11 ||    19
       Rapier            |       |    16 ||    16
  Use: Potion            |       |     1 ||     1
Armor: Scale mail        |    42 |    39 ||    81
Dodge: Dodged            |    44 |    55 ||    99
Block: Buckler           |    23 |    18 ||    41
